TOP OF THE 1ST |
Temiskaming District Secondary School Saints batting - Pitching for John Jay HS Patriots : RHP Tim Baker
|
Pitching: RHP Tim Baker
|
|
Batting: RHB José Icaza
|
0-0: Ball 1-0: Called Strike 1-1: Ball 2-1: Fly out, F3 (Popup, 3S)
|
Batting: RHB Beau McNeill
|
0-0: Foul Ball, location: 2F 0-1: Ground out U3 (Groundball, 34)
|
Batting: LHB Leonardo Torres
|
0-0: Ball 1-0: Foul Ball, location: 2F 1-1: Foul Ball, location: 2F 1-2: Ball 2-2: Strikes out swinging, 2-3 out at first.
|
Top of the 1st over - 0 run(s), 0 hit(s), 0 error(s), 0 left on base; Temiskaming District Secondary School 0 - John Jay HS 0 |
BOTTOM OF THE 1ST |
John Jay HS Patriots batting - Pitching for Temiskaming District Secondary School Saints : RHP Tony Parker
|
Pitching: RHP Tony Parker
|
|
Batting: RHB Nick Simmons
|
0-0: Foul Ball, location: 2F 0-1: SINGLE (Line Drive, 6M)
|
Batting: RHB Jeff Benson
|
0-0: Swinging Strike 0-1: Ball 1-1: Swinging Strike 1-2: Ball 2-2: Ball 3-2: Strikes out swinging
|
Batting: RHB Ronald Cleveland
|
0-0: Ball 1-0: Ball 2-0: SINGLE (Groundball, 4MD) Nick Simmons to second Runner from 2nd tries for 3rd, SAFE, no throw
|
Batting: SHB Oliver Miles
|
0-0: Ball 1-0: Foul Ball, location: 2F 1-1: Ball 2-1: Swinging Strike 2-2: Foul Ball, location: 2F 2-2: Foul Ball, location: 2F 2-2: Fly out, F9 (Flyball, 9S)
|
Batting: RHB Weldon Bell
|
0-0: Swinging Strike 0-1: Ball 1-1: Ball 2-1: Ball 3-1: Ground out 1-3 (Groundball, 13S)
|
Bottom of the 1st over - 0 run(s), 2 hit(s), 0 error(s), 2 left on base; Temiskaming District Secondary School 0 - John Jay HS 0 |
TOP OF THE 2ND |
Temiskaming District Secondary School Saints batting - Pitching for John Jay HS Patriots : RHP Tim Baker
|
Batting: SHB Eric Silva
|
0-0: Ball 1-0: Called Strike 1-1: Swinging Strike 1-2: Strikes out swinging
|
Batting: RHB Louis-Joseph Perrier
|
0-0: Called Strike 0-1: Fly out, F4 (Line Drive, 4)
|
Batting: LHB Carlos Músquez
|
0-0: Called Strike 0-1: Swinging Strike 0-2: Ground out 2-3 (Groundball, 2R)
|
Top of the 2nd over - 0 run(s), 0 hit(s), 0 error(s), 0 left on base; Temiskaming District Secondary School 0 - John Jay HS 0 |
BOTTOM OF THE 2ND |
John Jay HS Patriots batting - Pitching for Temiskaming District Secondary School Saints : RHP Tony Parker
|
Batting: RHB Nick Carter
|
0-0: Ball 1-0: Swinging Strike 1-1: Foul Ball, location: 2F 1-2: Strikes out swinging
|
Batting: RHB Broderick Banks
|
0-0: Ball 1-0: Called Strike 1-1: Called Strike 1-2: Strikes out looking
|
Batting: RHB Dave Hayes
|
0-0: Ball 1-0: Fly out, F6 (Flyball, 6MD)
|
Bottom of the 2nd over - 0 run(s), 0 hit(s), 0 error(s), 0 left on base; Temiskaming District Secondary School 0 - John Jay HS 0 |
TOP OF THE 3RD |
Temiskaming District Secondary School Saints batting - Pitching for John Jay HS Patriots : RHP Tim Baker
|
Batting: RHB Walt Miller
|
0-0: SINGLE (Flyball, 7S)
|
Batting: LHB Kevin McGee
|
0-0: Called Strike 0-1: Foul Ball, location: 2F 0-2: Foul Ball, location: 2F 0-2: Strikes out swinging
|
Batting: RHB John Weber
|
0-0: Fly out, F9 (Flyball, 9LS)
|
Batting: RHB José Icaza
|
0-0: Ball 1-0: Ball 2-0: Foul Ball, location: 2F 2-1: Called Strike 2-2: Ball 3-2: Foul Ball, location: 2F 3-2: Fly out, F7 (Flyball, 78M)
|
Top of the 3rd over - 0 run(s), 1 hit(s), 0 error(s), 1 left on base; Temiskaming District Secondary School 0 - John Jay HS 0 |
BOTTOM OF THE 3RD |
John Jay HS Patriots batting - Pitching for Temiskaming District Secondary School Saints : RHP Tony Parker
|
Batting: LHB Norberto Garza
|
0-0: Called Strike 0-1: Ball 1-1: Ball 2-1: Swinging Strike 2-2: Strikes out swinging
|
Batting: RHB Nick Simmons
|
0-0: Foul Ball, location: 2F 0-1: SINGLE (Groundball, 4MD)
|
Batting: RHB Jeff Benson
|
0-0: Fly out, F8 (Flyball, 8LS)
|
Batting: RHB Ronald Cleveland
|
0-0: Called Strike 0-1: Reached on error, E5 (Groundball, 5S) Nick Simmons to third
|
Batting: SHB Oliver Miles
|
0-0: Called Strike 0-1: Ball 1-1: Foul Ball, location: 2F 1-2: Ball 2-2: Ball 3-2: Foul Ball, location: 2F 3-2: Fly out, F1 (Line Drive, 15S)
|
Bottom of the 3rd over - 0 run(s), 1 hit(s), 1 error(s), 2 left on base; Temiskaming District Secondary School 0 - John Jay HS 0 |
TOP OF THE 4TH |
Temiskaming District Secondary School Saints batting - Pitching for John Jay HS Patriots : RHP Tim Baker
|
Batting: RHB Beau McNeill
|
0-0: Ball 1-0: Ball 2-0: Ball 3-0: Base on Balls
|
Batting: LHB Leonardo Torres
|
0-0: Foul Ball, location: 2F 0-1: Ball 1-1: Swinging Strike 1-2: Strikes out swinging
|
Batting: SHB Eric Silva
|
0-0: Ground out 3-1 (Groundball, 3L) Beau McNeill to second
|
Batting: RHB Louis-Joseph Perrier
|
0-0: Foul Ball, location: 2F 0-1: Ball 1-1: Foul Ball, location: 2F 1-2: Ball 2-2: Ball 3-2: Foul Ball, location: 2F 3-2: Fly out, F9 (Flyball, 9)
|
Top of the 4th over - 0 run(s), 0 hit(s), 0 error(s), 1 left on base; Temiskaming District Secondary School 0 - John Jay HS 0 |
BOTTOM OF THE 4TH |
John Jay HS Patriots batting - Pitching for Temiskaming District Secondary School Saints : RHP Tony Parker
|
Batting: RHB Weldon Bell
|
0-0: Foul Ball, location: 2F 0-1: Ball 1-1: Foul Ball, location: 2F 1-2: Ground out 6-3 (Groundball, 6)
|
Batting: RHB Nick Carter
|
0-0: Ball 1-0: Fly out, F3 (Popup, 34)
|
Batting: RHB Broderick Banks
|
0-0: Called Strike 0-1: Ball 1-1: Called Strike 1-2: Fly out, F3 (Popup, 3L)
|
Bottom of the 4th over - 0 run(s), 0 hit(s), 0 error(s), 0 left on base; Temiskaming District Secondary School 0 - John Jay HS 0 |
TOP OF THE 5TH |
Temiskaming District Secondary School Saints batting - Pitching for John Jay HS Patriots : RHP Tim Baker
|
Batting: LHB Carlos Músquez
|
0-0: Foul Ball, location: 2F 0-1: Ball 1-1: Ball 2-1: Ball 3-1: Fly out, F8 (Flyball, 89M)
|
Batting: RHB Walt Miller
|
0-0: Ball 1-0: Ball 2-0: Foul Ball, location: 2F 2-1: Fly out, F4 (Flyball, 4MD)
|
Batting: LHB Kevin McGee
|
0-0: Called Strike 0-1: Foul Ball, location: 2F 0-2: Ball 1-2: Ball 2-2: Strikes out swinging
|
Top of the 5th over - 0 run(s), 0 hit(s), 0 error(s), 0 left on base; Temiskaming District Secondary School 0 - John Jay HS 0 |
BOTTOM OF THE 5TH |
John Jay HS Patriots batting - Pitching for Temiskaming District Secondary School Saints : RHP Tony Parker
|
Batting: RHB Dave Hayes
|
0-0: Reaches on Catchers interference
|
Batting: LHB Norberto Garza
|
0-0: Ball 1-0: Foul Ball, location: 2F 1-1: Ball 2-1: SINGLE (Line Drive, 6MD) Dave Hayes to second
|
Batting: RHB Nick Simmons
|
0-0: Called Strike 0-1: Foul Ball, location: 2F 0-2: Grounds into double play, 4-6-3 (Groundball, 4) Dave Hayes to third
|
Batting: RHB Jeff Benson
|
0-0: Called Strike 0-1: Foul Ball, location: 2F 0-2: Ball 1-2: Fly out, F9 (Flyball, 89M)
|
Bottom of the 5th over - 0 run(s), 1 hit(s), 1 error(s), 1 left on base; Temiskaming District Secondary School 0 - John Jay HS 0 |
TOP OF THE 6TH |
Temiskaming District Secondary School Saints batting - Pitching for John Jay HS Patriots : RHP Tim Baker
|
Batting: RHB John Weber
|
0-0: Ball 1-0: Called Strike 1-1: Called Strike 1-2: Ball 2-2: SINGLE (Groundball, 56D)
|
Batting: RHB José Icaza
|
0-0: Foul Ball, location: 2F 0-1: Ball 1-1: Ball 2-1: Swinging Strike 2-2: Foul Ball, location: 2F 2-2: Ground out 5-3 (Groundball, 56) John Weber to second
|
Batting: RHB Beau McNeill
|
0-0: Ground out 5-3 (Groundball, 56)
|
Batting: LHB Leonardo Torres
|
0-0: Called Strike 0-1: Called Strike 0-2: Ball 1-2: Ball 2-2: DOUBLE (Flyball, 89D) John Weber scores
|
Pitching: RHP José Ramírez
|
|
Batting: SHB Eric Silva
|
0-0: Swinging Strike 0-1: Foul Ball, location: 2F 0-2: Strikes out looking
|
Top of the 6th over - 1 run(s), 2 hit(s), 0 error(s), 1 left on base; Temiskaming District Secondary School 1 - John Jay HS 0 |
BOTTOM OF THE 6TH |
John Jay HS Patriots batting - Pitching for Temiskaming District Secondary School Saints : RHP Tony Parker
|
Batting: RHB Ronald Cleveland
|
0-0: Ball 1-0: Ball 2-0: Ground out 1-3 (Groundball, 13S)
|
Batting: SHB Oliver Miles
|
0-0: Ball 1-0: Called Strike 1-1: Foul Ball, location: 2F 1-2: Foul Ball, location: 2F 1-2: Ball 2-2: Foul Ball, location: 2F 2-2: Foul Ball, location: 2F 2-2: Fly out, F9 (Line Drive, 9)
|
Batting: RHB Weldon Bell
|
0-0: Called Strike 0-1: Ball 1-1: Swinging Strike 1-2: SINGLE (Flyball, 7LS)
|
Pitching: RHP Gerald Marshall
|
|
Batting: RHB Nick Carter
|
0-0: Called Strike Weldon Bell steals 2nd base 0-1: Foul Ball, location: 2F 0-2: Ball 1-2: Ball 2-2: Strikes out swinging
|
Bottom of the 6th over - 0 run(s), 1 hit(s), 0 error(s), 1 left on base; Temiskaming District Secondary School 1 - John Jay HS 0 |
TOP OF THE 7TH |
Temiskaming District Secondary School Saints batting - Pitching for John Jay HS Patriots : RHP José Ramírez
|
Batting: RHB Louis-Joseph Perrier
|
0-0: Ball 1-0: Called Strike 1-1: Ball 2-1: Foul Ball, location: 2F 2-2: Ball 3-2: Ground out 1-3 (Groundball, P)
|
Batting: LHB Carlos Músquez
|
0-0: Swinging Strike 0-1: Ball 1-1: Foul Ball, location: 2F 1-2: Strikes out swinging
|
Batting: RHB Walt Miller
|
0-0: Ball 1-0: Swinging Strike 1-1: Foul Ball, location: 2F 1-2: Foul Ball, location: 2F 1-2: Foul Ball, location: 2F 1-2: Ball 2-2: Foul Ball, location: 2F 2-2: Strikes out swinging
|
Top of the 7th over - 0 run(s), 0 hit(s), 0 error(s), 0 left on base; Temiskaming District Secondary School 1 - John Jay HS 0 |
BOTTOM OF THE 7TH |
John Jay HS Patriots batting - Pitching for Temiskaming District Secondary School Saints : RHP Gerald Marshall
|
Batting: RHB Broderick Banks
|
0-0: Ball 1-0: Ball 2-0: Ground out 4-3 (Groundball, 4)
|
Batting: RHB Dave Hayes
|
0-0: Swinging Strike 0-1: Foul Ball, location: 2F 0-2: Foul Ball, location: 2F 0-2: Ball 1-2: Strikes out looking
|
Batting: LHB Norberto Garza
|
0-0: Called Strike 0-1: Ball 1-1: Foul Ball, location: 2F 1-2: Ball 2-2: Foul Ball, location: 2F 2-2: Foul Ball, location: 2F 2-2: Fly out, F6 (Flyball, 6D)
|
Bottom of the 7th over - 0 run(s), 0 hit(s), 0 error(s), 0 left on base; Temiskaming District Secondary School 1 - John Jay HS 0 |
TOP OF THE 8TH |
Temiskaming District Secondary School Saints batting - Pitching for John Jay HS Patriots : RHP José Ramírez
|
Batting: LHB Kevin McGee
|
0-0: Ball 1-0: Called Strike 1-1: Ball 2-1: Fly out, F7 (Flyball, 7LSF)
|
Batting: RHB John Weber
|
0-0: Ball 1-0: Ball 2-0: Foul Ball, location: 2F 2-1: Ball 3-1: Called Strike 3-2: Foul Ball, location: 2F 3-2: Foul Ball, location: 2F 3-2: Foul Ball, location: 2F 3-2: Base on Balls
|
Batting: RHB José Icaza
|
0-0: Ball John Weber is caught stealing 2nd base 1-0: Ball 2-0: Called Strike 2-1: Called Strike 2-2: Foul Ball, location: 2F 2-2: Ball 3-2: Base on Balls
|
Batting: RHB Beau McNeill
|
0-0: Called Strike 0-1: Foul Ball, location: 2F 0-2: Strikes out looking
|
Top of the 8th over - 0 run(s), 0 hit(s), 0 error(s), 1 left on base; Temiskaming District Secondary School 1 - John Jay HS 0 |
BOTTOM OF THE 8TH |
John Jay HS Patriots batting - Pitching for Temiskaming District Secondary School Saints : RHP Gerald Marshall
|
Pitching: RHP Brad Tatum
|
|
Batting: RHB Nick Simmons
|
0-0: Called Strike 0-1: Called Strike 0-2: Ball 1-2: Foul Ball, location: 2F 1-2: Ball 2-2: Foul Ball, location: 2F 2-2: Foul Ball, location: 2F 2-2: Strikes out swinging
|
Batting: RHB Jeff Benson
|
0-0: Ball 1-0: Called Strike 1-1: Fly out, F9 (Flyball, 9S)
|
Batting: RHB Ronald Cleveland
|
0-0: Foul Ball, location: 2F 0-1: Ball 1-1: Ball 2-1: Ball 3-1: SINGLE (Line Drive, 4) (infield hit)
|
Pitching: LHP Guillermo Silva
|
|
Batting: SHB Oliver Miles
|
0-0: Foul Ball, location: 2F 0-1: SINGLE (Line Drive, 4MD) Ronald Cleveland to second Throwing error, E8 Ronald Cleveland scores Oliver Miles to second
|
Batting: RHB Weldon Bell
|
0-0: Ball 1-0: Ball 2-0: Ball 3-0: Swinging Strike 3-1: Swinging Strike 3-2: Foul Ball, location: 2F 3-2: Base on Balls
|
Batting: RHB Nick Carter
|
0-0: Called Strike 0-1: Ball 1-1: Called Strike 1-2: Ball 2-2: Ball 3-2: SINGLE (Line Drive, 8RM) Oliver Miles to third Weldon Bell to second Oliver Miles scores Weldon Bell to third
|
Batting: RHB Broderick Banks
|
0-0: Ball 1-0: Ball 2-0: Ball 3-0: Called Strike 3-1: Called Strike 3-2: Foul Ball, location: 2F 3-2: Strikes out looking
|
Bottom of the 8th over - 2 run(s), 3 hit(s), 1 error(s), 2 left on base; Temiskaming District Secondary School 1 - John Jay HS 2 |
TOP OF THE 9TH |
Temiskaming District Secondary School Saints batting - Pitching for John Jay HS Patriots : RHP José Ramírez
|
Pitching: LHP Steve O'Farrell
|
|
Batting: LHB Leonardo Torres
|
0-0: Swinging Strike 0-1: Ball 1-1: Called Strike 1-2: Ball 2-2: Ball 3-2: Foul Ball, location: 2F 3-2: Foul Ball, location: 2F 3-2: Strikes out swinging
|
Batting: SHB Eric Silva
|
0-0: Ball 1-0: Ball 2-0: Swinging Strike 2-1: Ball 3-1: Called Strike 3-2: Foul Ball, location: 2F 3-2: Strikes out swinging
|
Batting: RHB Louis-Joseph Perrier
|
0-0: SINGLE (Line Drive, 4MD)
|
Batting: LHB Carlos Músquez
|
0-0: Fly out, F8 (Flyball, 8RM)
|
Top of the 9th over - 0 run(s), 1 hit(s), 0 error(s), 1 left on base; Temiskaming District Secondary School 1 - John Jay HS 2 |
|